 Dungeon Sprint DCSS version 0.31-a0-544-gceb718ecc6 (webtiles) character file.

Game seed: 11830217191311357200

2254 zazu2006 the Fighter (level 9, -30/81 HPs)
             Began as a Gnoll Wanderer on Aug 16, 2023.
             Was the Champion of Vehumet.
             Killed from afar by a deep elf zephyrmancer (35 damage)
             ... with a bolt of lightning
             ... in the Dungeon (Sprint VII: "The Pits").
             The game lasted 00:09:22 (1499 turns).

zazu2006 the Fighter (Gnoll Wanderer)               Turns: 1499, Time: 00:09:23

Health: -30/81     AC:  9    Str: 11    XL:     9   Next: 37%
Magic:  20/21      EV: 16    Int: 15    God:    Vehumet [******]
Gold:   0          SH:  0    Dex: 16    Spells: 15/24 levels left

rFire   . . .        u - +2 scimitar (flame)
rCold   . . .        (no shield)
rNeg    . . .        c - +0 robe
rPois   .            w - +0 helmet
rElec   .            (no cloak)
rCorr   .            v - +0 pair of gloves
SInv    .            x - +0 pair of boots
Will    .....        (no amulet)
Stlth   ++++         s - +3 ring of dexterity
HPRegen 0.33/turn    t - +3 ring of protection
MPRegen 0.17/turn

%: no teleportation
@: on berserk cooldown, slowed, very slow
A: fangs 1, strong nose, distributed training
a: Renounce Religion


You were in the Dungeon.
You worshipped Vehumet.
Vehumet was exalted by your worship.
You visited 1 branch

Inventory:

Hand Weapons
 k - a +2 dagger of draining
 p - a +2 dagger of venom
 r - a +3 dagger of speed
 u - a +2 scimitar of flaming (weapon)
Armour
 c - a +0 robe (worn)
 q - a +3 scale mail
 v - a +0 pair of gloves (worn)
 w - a +0 helmet (worn)
 x - a +0 pair of boots (worn)
Jewellery
 s - a +3 ring of dexterity (left hand)
 t - a +3 ring of protection (right hand)
Scrolls
 b - a scroll of teleportation
 d - a scroll of silence
 j - a scroll of blinking
 m - 5 scrolls of amnesia
 n - a scroll of summoning
Potions
 a - 2 potions of invisibility
 e - 6 potions of curing
 f - 2 potions of heal wounds
 g - a potion of haste
 h - 4 potions of magic
 i - a potion of berserk rage
 l - 3 potions of brilliance
 o - a potion of resistance
 z - 2 potions of mutation


   Skills:
 + Level 11.5 Fighting
 + Level 7.7 Short Blades
 + Level 7.7 Long Blades
 + Level 7.7 Axes
 + Level 7.7 Maces & Flails
 + Level 7.7 Polearms
 + Level 7.7 Staves
 + Level 7.7 Ranged Weapons
 + Level 7.7 Throwing
 + Level 7.7 Armour
 + Level 8.2 Dodging
 + Level 7.7 Stealth
 + Level 7.7 Shields
 + Level 7.7 Unarmed Combat
 + Level 8.3 Spellcasting
 + Level 6.4 Conjurations
 + Level 6.4 Hexes
 + Level 6.4 Summonings
 + Level 8.5 Necromancy
 + Level 6.4 Translocations
 + Level 6.4 Transmutations
 + Level 6.4 Fire Magic
 + Level 6.8 Ice Magic
 + Level 6.4 Air Magic
 + Level 6.4 Earth Magic
 + Level 6.4 Poison Magic
 + Level 8.5 Invocations
 + Level 7.7 Evocations
 + Level 6.4 Shapeshifting


You had 15 spell levels left.
You knew the following spells:

 Your Spells              Type           Power      Damage    Failure   Level
a - Freeze                Ice            100%       1d10      1%          1
b - Ozocubu's Armour      Ice            26%        N/A       1%          3
c - Yara's Violent Unrav  Hex/Tmut       12%        3d7       6%          5

Your spell library contained the following spells:

 Spells                   Type           Power      Damage    Failure   Level
 Kiss of Death            Conj/Necr      100%       2d13      1%          1
 Sublimation of Blood     Necr           31%        N/A       1%          2
 Dispel Undead            Necr           31%        3d14      3%          4


Dungeon Overview and Level Annotations

Branches:
Dungeon (1/1)

Altars:
Ashenzari
Cheibriados
Dithmenos
Elyvilon
Fedhas
Gozag
Hepliaklqana
Kikubaaqudgha
Makhleb
Nemelex Xobeh
Okawaru
Qazlal
Ru
Sif Muna
Trog
Uskayaw
Vehumet
Wu Jian
Xom
Yredelemnul
Zin
The Shining One
Jiyva
Lugonu


Innate Abilities, Weirdness & Mutations

You have very sharp teeth.
Your uncanny sense of smell can sniff out nearby items.
Your experience applies equally to all skills.


Message History

The deep elf zephyrmancer barely misses you.
Unknown command.
You closely miss the spriggan druid.
The spriggan druid is severely wounded.
The +0 spectral quarterstaff hits you!
You slash the spriggan druid! You burn the spriggan druid!
With its final breath, the spriggan druid offers up its power to the beasts of the wild!
The swamp dragon seems to grow more fierce.
You kill the spriggan druid!
Vehumet accepts your kill.
The +0 spectral quarterstaff disappears.
The deep elf zephyrmancer hits you with a +0 long sword.
Your Dodging skill increases to level 8!
Your Spellcasting skill increases to level 8!
Your Invocations skill increases to level 8!
You closely miss the deep elf zephyrmancer.
The deep elf zephyrmancer misses you. The orc knight closely misses you.
Unknown command.
Unknown command.
You hit the ogre. You burn the ogre.
The ogre is lightly wounded.
You barely miss the ogre. You punch the ogre!
The ogre is heavily wounded.
The orc knight hits you with a +0 battleaxe!!
* * * LOW HITPOINT WARNING * * *
The deep elf zephyrmancer completely misses you.
The ogre closely misses you.
You slash the ogre! You burn the ogre.
You kill the ogre!
Vehumet accepts your kill.
The orc knight hits you with a +0 battleaxe!
* * * LOW HITPOINT WARNING * * *
The deep elf zephyrmancer hits you but does no damage.
You feel a strong urge to attack something.
You are no longer berserk.
You are exhausted.
You feel yourself slow down.
The deep elf zephyrmancer points at you and mumbles some strange words.
The bolt of lightning hits you!!
You die...

####'##................#
)).'.##......#..#......#
####.##................+
......'................+
#'#####......#..#......#
#)#.[##................#
#.#).#####'#####''#####
).#))##.......##''#####
###))##.......##@.....#
..#..##.......##......#
..#'###...<...###....##
.....##.......# ##eo##
.....##.......###..O)##
#######.......##...D..#
..#.. ##########......+
..#.############..)...#
..#)#....#....###....##


You could see a swamp dragon (strong), an orc knight, a deep elf zephyrmancer
and an ogre.

Vanquished Creatures
  A spriggan druid (D)
  A deep elf zephyrmancer (D)
  A molten gargoyle (D)
  A komodo dragon (D)
  A ynoxinul (D)
  An ogre (D)
  A phantom (D)
  A kobold brigand (D)
  Blork the orc (D)
  A gnoll sergeant (D)
  A scorpion (D)
  An orc priest (D)
  Jessica (D)
  An iguana (D)
  2 orc wizards (D)
  A mummy (D)
  4 gnolls (D)
  2 adders (D)
  5 orcs (D)
  A ball python (D)
  2 bats (D)
  A bat skeleton (D)
  A giant cockroach (D)
  A hobgoblin (D)
  7 jackals (D)
  A ball python zombie (D)
  A rat (D)
43 creatures vanquished.

Vanquished Creatures (others)
  An orc (D)
1 creature vanquished.

Grand Total: 44 creatures vanquished

Notes
Turn   | Place    | Note
-------+----------+-------------------------------------------
     0 | D        | zazu2006 the Gnoll Wanderer began the quest for the Orb.
     0 | D        | zazu2006 set off with the following items: a +0 dagger, a
                  | scroll of teleportation, a +0 robe, a scroll of silence, a
                  | potion of curing, a potion of heal wounds, a potion of
                  | haste, 2 potions of magic, a potion of berserk rage, a
                  | scroll of blinking; and the following spells available to
                  | memorise: Sublimation of Blood, Kiss of Death, Freeze,
                  | Dispel Undead, Ozocubu's Armour.
     0 | D        | Reached XP level 1. HP: 26/26 MP: 4/4
     2 | D        | Learned a level 1 spell: Freeze
    22 | D        | Reached skill level 1 in Short Blades
    22 | D        | Reached skill level 1 in Long Blades
    22 | D        | Reached skill level 1 in Axes
    22 | D        | Reached skill level 1 in Maces & Flails
    22 | D        | Reached skill level 1 in Polearms
    22 | D        | Reached skill level 1 in Staves
    22 | D        | Reached skill level 1 in Ranged Weapons
    22 | D        | Reached skill level 1 in Throwing
    22 | D        | Reached skill level 1 in Armour
    22 | D        | Reached skill level 1 in Stealth
    22 | D        | Reached skill level 1 in Shields
    22 | D        | Reached skill level 1 in Unarmed Combat
    22 | D        | Reached skill level 1 in Conjurations
    22 | D        | Reached skill level 1 in Hexes
    22 | D        | Reached skill level 1 in Summonings
    22 | D        | Reached skill level 1 in Translocations
    22 | D        | Reached skill level 1 in Transmutations
    22 | D        | Reached skill level 1 in Fire Magic
    22 | D        | Reached skill level 1 in Air Magic
    22 | D        | Reached skill level 1 in Earth Magic
    22 | D        | Reached skill level 1 in Poison Magic
    22 | D        | Reached skill level 1 in Invocations
    22 | D        | Reached skill level 1 in Evocations
    22 | D        | Reached skill level 1 in Shapeshifting
    22 | D        | Reached XP level 2. HP: 27/33 MP: 1/6
    50 | D        | Found a glowing golden altar of the Shining One.
    50 | D        | Found a glowing silver altar of Zin.
    50 | D        | Found a basalt altar of Yredelemnul.
    50 | D        | Found a shimmering altar of Xom.
    50 | D        | Found an ornate altar of the Wu Jian Council.
    50 | D        | Found a bloodstained altar of Trog.
    50 | D        | Found a shimmering blue altar of Sif Muna.
    50 | D        | Found a sacrificial altar of Ru.
    50 | D        | Found a stormy altar of Qazlal.
    50 | D        | Found an iron altar of Okawaru.
    50 | D        | Found a sparkling altar of Nemelex Xobeh.
    50 | D        | Found a burning altar of Makhleb.
    50 | D        | Found a viscous altar of Jiyva.
    50 | D        | Found a hazy altar of Hepliaklqana.
    50 | D        | Found an opulent altar of Gozag.
    50 | D        | Found a blossoming altar of Fedhas.
    50 | D        | Found a white marble altar of Elyvilon.
    50 | D        | Found a shadowy altar of Dithmenos.
    50 | D        | Found a snail-covered altar of Cheibriados.
    51 | D        | Found a radiant altar of Vehumet.
    51 | D        | Found a corrupted altar of Lugonu.
    52 | D        | Found a hide-covered altar of Uskayaw.
    52 | D        | Found an ancient bone altar of Kikubaaqudgha.
    52 | D        | Found a broken altar of Ashenzari.
    59 | D        | Became a worshipper of Vehumet
    80 | D        | Reached * piety under Vehumet
    80 | D        | Offered knowledge of Magic Dart by Vehumet.
    90 | D        | Reached XP level 3. HP: 35/38 MP: 7/7
   115 | D        | Reached ** piety under Vehumet
   138 | D        | Reached *** piety under Vehumet
   316 | D        | Noticed Jessica
   317 | D        | Noticed a kobold brigand
   317 | D        | Noticed a gnoll sergeant
   330 | D        | Reached **** piety under Vehumet
   330 | D        | Offered knowledge of Foxfire by Vehumet.
   340 | D        | Killed a kobold brigand
   341 | D        | Reached skill level 9 in Fighting
   341 | D        | Reached XP level 4. HP: 27/46 MP: 10/10
   341 | D        | Reached XP level 5. HP: 30/52 MP: 11/11
   367 | D        | Reached ***** piety under Vehumet
   368 | D        | Reached skill level 5 in Spellcasting
   374 | D        | Reached XP level 6. HP: 32/59 MP: 13/13
   384 | D        | Killed Jessica
   385 | D        | Reached skill level 5 in Dodging
   560 | D        | Offered knowledge of Searing Ray by Vehumet.
   561 | D        | Noticed a deep elf zephyrmancer
   567 | D        | Killed a deep elf zephyrmancer
   568 | D        | Reached skill level 10 in Fighting
   568 | D        | Reached skill level 5 in Short Blades
   568 | D        | Reached skill level 5 in Long Blades
   568 | D        | Reached skill level 5 in Axes
   568 | D        | Reached skill level 5 in Maces & Flails
   568 | D        | Reached skill level 5 in Polearms
   568 | D        | Reached skill level 5 in Staves
   568 | D        | Reached skill level 5 in Ranged Weapons
   568 | D        | Reached skill level 5 in Throwing
   568 | D        | Reached skill level 5 in Armour
   568 | D        | Reached skill level 5 in Stealth
   568 | D        | Reached skill level 5 in Shields
   568 | D        | Reached skill level 5 in Unarmed Combat
   568 | D        | Reached skill level 5 in Ice Magic
   568 | D        | Reached skill level 5 in Evocations
   568 | D        | Reached XP level 7. HP: 67/67 MP: 13/16
   594 | D        | Noticed Blork the orc
   608 | D        | Killed Blork the orc
   616 | D        | Reached ****** piety under Vehumet
   617 | D        | Reached skill level 5 in Conjurations
   617 | D        | Reached skill level 5 in Hexes
   617 | D        | Reached skill level 5 in Summonings
   617 | D        | Reached skill level 5 in Translocations
   617 | D        | Reached skill level 5 in Transmutations
   617 | D        | Reached skill level 5 in Fire Magic
   617 | D        | Reached skill level 5 in Air Magic
   617 | D        | Reached skill level 5 in Earth Magic
   617 | D        | Reached skill level 5 in Poison Magic
   617 | D        | Reached skill level 5 in Shapeshifting
   818 | D        | Noticed a molten gargoyle
   856 | D        | Offered knowledge of Frozen Ramparts by Vehumet.
   857 | D        | Reached XP level 8. HP: 33/73 MP: 18/18
  1080 | D        | Offered knowledge of Arcjolt by Vehumet.
  1090 | D        | Learned a level 3 spell: Ozocubu's Armour
  1126 | D        | Killed a molten gargoyle
  1277 | D        | Noticed a komodo dragon
  1277 | D        | Noticed a ynoxinul
  1286 | D        | Offered knowledge of Yara's Violent Unravelling by Vehumet.
  1293 | D        | Learned a level 5 spell: Yara's Violent Unravelling
  1305 | D        | Killed a komodo dragon
  1306 | D        | Reached skill level 11 in Fighting
  1319 | D        | Killed a ynoxinul
  1320 | D        | Reached XP level 9. HP: 31/81 MP: 3/20
  1481 | D        | Noticed a deep elf zephyrmancer
  1481 | D        | Noticed an orc knight
  1481 | D        | Noticed a spriggan druid
  1490 | D        | Noticed a swamp dragon
  1492 | D        | Killed a spriggan druid
  1499 | D        | Killed from afar by a deep elf zephyrmancer

Illustrated notes

Levels and vault maps discovered:
D:        pitsprint [storerooms_1, entrance_room_1, metal_vault_2, armoury_1,
          mini_pit_1, grid_room_1, main_hall_1, silver_pit, the_coven_3,
          the_vestibule_1, steel_vault_1, golden_pit, hallway_of_sentries,
          crystal_vault_3, iron_vault_1, final_vault]

Skill      XL: |  1  2  3  4  5  6  7  8  9 |
---------------+----------------------------+-----
Short Blades   | 1 3 4 5 6 7 |  7.7
Long Blades    | 1 3 4 5 6 7 |  7.7
Axes           | 1 3 4 5 6 7 |  7.7
Maces & Flails | 1 3 4 5 6 7 |  7.7
Polearms       | 1 3 4 5 6 7 |  7.7
Staves         | 1 3 4 5 6 7 |  7.7
Ranged Weapons | 1 3 4 5 6 7 |  7.7
Throwing       | 1 3 4 5 6 7 |  7.7
Armour         | 1 3 4 5 6 7 |  7.7
Stealth        | 1 3 4 5 6 7 |  7.7
Shields        | 1 3 4 5 6 7 |  7.7
Unarmed Combat | 1 3 4 5 6 7 |  7.7
Spellcasting   | 3 4 5 6 7 8 |  8.3
Conjurations   | 1 2 3 4 5 6 |  6.4
Hexes          | 1 2 3 4 5 6 |  6.4
Summonings     | 1 2 3 4 5 6 |  6.4
Translocations | 1 2 3 4 5 6 |  6.4
Transmutations | 1 2 3 4 5 6 |  6.4
Fire Magic     | 1 2 3 4 5 6 |  6.4
Ice Magic      | 2 3 4 5 6 |  6.8
Air Magic      | 1 2 3 4 5 6 |  6.4
Earth Magic    | 1 2 3 4 5 6 |  6.4
Poison Magic   | 1 2 3 4 5 6 |  6.4
Invocations    | 1 2 3 4 6 7 8 |  8.5
Evocations     | 1 3 4 5 6 7 |  7.7
Shapeshifting  | 1 2 3 4 5 6 |  6.4
Dodging        | 3 4 6 7 8 |  8.2
Fighting       | 9 10 11 | 11.5
Necromancy     | 6 7 8 |  8.5

Action                     |  1- 3 |  4- 6 |  7- 9 || total
---------------------------+-------+-------+-------++-------
  Melee: Dagger            |    61 |    37 |    55 ||   153
         Bite              |     3 |     3 |     6 ||    12
         Punch             |     1 |     3 |     8 ||    12
         Long sword        |       |     1 |     6 ||     7
         Scimitar          |       |       |    23 ||    23
   Cast: Freeze            |     2 |       |     6 ||     8
         Yara's Violent Un |       |       |     5 ||     5
         Ozocubu's Armour  |       |       |     3 ||     3
    Use: Potion            |     2 |     3 |     4 ||     9
   Stab: Sleeping          |     3 |     1 |       ||     4
 Armour: Robe              |     9 |     1 |    20 ||    30
  Dodge: Dodged            |    37 |    12 |   118 ||   167

Table legend: (Time is in decaauts)
 A = Elapsed time spent in this place.
 B = Non-inter-level travel time spent in this place.
 C = Inter-level travel time spent in this place.
 D = Time resting spent in this place.
 E = Time spent auto-exploring this place.
 F = Levels seen in this place.
 G = Mean time per level.
                   A        B        C        D        E       F      G
               +--------+--------+--------+--------+--------+-----+--------+
         Total |   1471 |   1471 |      0 |    855 |      0 |   1 | 1471.0 |
       Dungeon |   1471 |   1471 |      0 |    855 |      0 |   1 | 1471.0 |
               +--------+--------+--------+--------+--------+-----+--------+

Top non-repeatable levels by time:
       D: 1471 daAuts
